 Dungeon Crawl Stone Soup version 0.27-a0-1296-g8ece459b43 (webtiles) character file.

Game seed: 5876593939164226222

233028 27snakeeyes612 the Peltast (level 19, -1/111 HPs)
             Began as a Vine Stalker Fighter on June 16, 2021.
             Was the Champion of Okawaru.
             Killed from afar by a merfolk aquamancer (34 damage)
             ... with a shard of ice
             ... on level 4 of the Shoals.
             The game lasted 00:42:46 (29544 turns).

27snakeeyes612 the Peltast (Vine Stalker Fighter)  Turns: 29544, Time: 00:42:46

Health: -1/111     AC: 29    Str: 37    XL:     19   Next: 55%
Magic:  0/26       EV:  9    Int:  4    God:    Okawaru [******]
Gold:   3025       SH: 23    Dex: 21    Spells: 18/18 levels left

rFire    + . .     SeeInvis +   X - +9 demon whip of Sunlight {vamp, rN+ Will+ Int+4}
rCold    x . .     Faith    .   c - +1 kite shield
rNeg     + . .     Spirit   +   H - +1 plate armour of Senteby {rCorr Int-3 Dex+7}
rPois    +         Reflect  +   O - +2 hat of the Candlemaker {rF+ Str+2}
rElec    .         Harm     .   e - +2 cloak
rCorr    +         Rampage  .   D - +2 pair of gloves {archery}
Will     +++..                  P - +0 pair of boots "Emmutoq" {rC- Will- rCorr Str+8}
Stlth    ..........             r - amulet of reflection
HPRegen  1.28/turn              W - ring of the Prince {Will+ Int-5 Slay+3 SInv Stlth+}
MPRegen  0.20/turn              x - ring of flight

@: lethally poisoned (-1 -> -2), about to teleport, flying, studying 2 skills
A: fangs 3, regeneration 1, magic shield, antimagic bite, no potion heal 2,
poison resistance, MP-powered wands
}: 1/15 runes: gossamer
a: Renounce Religion, Heroism, Finesse


You were on level 4 of the Shoals.
You worshipped Okawaru.
Okawaru was exalted by your worship.
You visited 5 branches of the dungeon, and saw 31 of its levels.
You also visited: Gauntlet and Volcano.

You collected 4096 gold pieces.
You spent 1071 gold pieces at shops.

Inventory:

Hand Weapons
 R - a +2 eveningstar of draining
 X - the +9 demon whip of Sunlight (weapon) {vamp, rN+ Will+ Int+4}
   (Okawaru gifted it to you on level 13 of the Dungeon)

   It inflicts no extra harm, but heals its wielder when it wounds a living foe.
   It affects your intelligence (+4).
   It protects you from negative energy.
   It increases your willpower.
Missiles
 s - 10 curare-tipped darts
 u - 5 throwing nets
 V - 8 atropa-tipped darts
Armour
 c - a +1 kite shield (worn)
 e - a +2 cloak (worn)
 h - a +2 pair of boots
 D - a +2 pair of gloves of archery (worn)
 H - the +1 plate armour of Senteby (worn) {rCorr Int-3 Dex+7}
   (You bought it in a shop on level 2 of the Orcish Mines)

   It affects your intelligence (-3).
   It affects your dexterity (+7).
   It protects you from acid and corrosion.
 M - a +2 helmet
 O - the +2 hat of the Candlemaker (worn) {rF+ Str+2}
   (You found it in a Gauntlet)

   It affects your strength (+2).
   It protects you from fire.
 P - the +0 pair of boots "Emmutoq" (worn) {rC- Will- rCorr Str+8}
   (Okawaru gifted it to you on level 4 of the Spider Nest)

   It affects your strength (+8).
   It makes you vulnerable to cold.
   It protects you from acid and corrosion.
   It decreases your willpower.
 T - a +0 tower shield
Jewellery
 a - a +6 ring of strength
 p - a ring of fire
 r - an amulet of reflection (around neck)
 x - a ring of flight (right hand)
 E - a +6 ring of strength
 G - a +4 ring of evasion
 J - an amulet of magic regeneration
 Q - a +4 ring of evasion
 W - the ring of the Prince (left hand) {Will+ Int-5 Slay+3 SInv Stlth+}
   (You found it on level 12 of the Dungeon)

   [ring of willpower]

   It affects your intelligence (-5).
   It affects your accuracy and damage with ranged weapons and melee attacks
   (+3).
   It lets you see invisible.
   It increases your willpower.
   It makes you more stealthy.
 Y - a ring of protection from cold
Wands
 m - a wand of digging (20)
 K - a wand of flame (46)
 N - a wand of iceblast (43) (quivered)
 S - a wand of charming (10)
Scrolls
 b - 2 scrolls of holy word
 j - 9 scrolls of fog
 l - 10 scrolls of identify
 o - a scroll of enchant armour
 t - 2 scrolls of enchant weapon
 v - 5 scrolls of fear
 y - 5 scrolls of amnesia
 B - 2 scrolls of magic mapping
 F - 2 scrolls of summoning
 I - 10 scrolls of teleportation
 L - 2 scrolls of silence
Potions
 d - 6 potions of might
 f - 3 potions of invisibility
 g - 7 potions of brilliance
 i - 2 potions of flight {unknown}
 k - 10 potions of attraction
 n - 3 potions of magic
 q - 4 potions of mutation
 w - 3 potions of resistance
 z - 11 potions of curing
 A - 2 potions of cancellation
 C - 4 potions of lignification
 U - 4 potions of haste
 Z - a potion of berserk rage


   Skills:
 + Level 16.4 Fighting
 - Level 12.1 Maces & Flails
 + Level 15.2 Armour
 + Level 16.4 Shields
 - Level 8.2 Invocations


You had 18 spell levels left.
You didn't know any spells.
Your spell library contained the following spells:

 Spells                   Type           Power      Damage    Failure   Level
 Apportation              Tloc           0%         N/A       92%         1
 Beastly Appendage        Tmut           0%         N/A       92%         1
 Corona                   Hex            0%         N/A       92%         1
 Freeze                   Ice            0%         1d3       92%         1
 Magic Dart               Conj           0%         1d3       92%         1
 Sandblast                Erth           0%         2d4       92%         1
 Shock                    Conj/Air       0%         1d3       92%         1
 Sting                    Tmut/Pois      0%         1d3       92%         1
 Summon Small Mammal      Summ           0%         N/A       92%         1
 Blink                    Tloc           N/A        N/A       98%         2
 Call Imp                 Summ           0%         N/A       98%         2
 Ensorcelled Hibernation  Hex/Ice        0%         N/A       98%         2
 Passwall                 Tmut/Erth      0%         N/A       98%         2
 Poisonous Vapours        Pois/Air       0%         N/A       98%         2
 Slow                     Hex            0%         N/A       98%         2
 Static Discharge         Conj/Air       0%         N/A       98%         2
 Wereblood                Tmut           0%         N/A       98%         2
 Confusing Touch          Hex            0%         N/A       100%        3
 Conjure Flame            Conj/Fire      0%         6-21      100%        3
 Dazzling Flash           Conj/Hex       0%         N/A       100%        3
 Frozen Ramparts          Ice            0%         1d2       100%        3
 Gell's Gravitas          Tloc           0%         N/A       100%        3
 Ignite Poison            Fire/Tmut/Pois 0%         N/A       100%        3
 Lesser Beckoning         Tloc           0%         N/A       100%        3
 Mephitic Cloud           Conj/Pois/Air  0%         N/A       100%        3
 Ozocubu's Armour         Ice            0%         N/A       100%        3
 Spider Form              Tmut/Pois      0%         N/A       100%        3
 Stone Arrow              Conj/Erth      0%         3d7       100%        3
 Swiftness                Air            0%         N/A       100%        3
 Tukima's Dance           Hex            0%         N/A       100%        3
 Airstrike                Air            0%         N/A       100%        4
 Animate Armour           Summ/Erth      0%         N/A       100%        4
 Animate Dead             Necr           0%         N/A       100%        4
 Cause Fear               Hex            0%         N/A       100%        4
 Hailstorm                Conj/Ice       0%         3d3       100%        4
 Ice Form                 Ice/Tmut       0%         N/A       100%        4
 Leda's Liquefaction      Hex/Erth       0%         N/A       100%        4
 Olgreb's Toxic Radiance  Pois           0%         N/A       100%        4
 Petrify                  Tmut/Erth      0%         N/A       100%        4
 Summon Lightning Spire   Summ/Air       0%         N/A       100%        4
 Alistair's Intoxication  Tmut/Pois      0%         N/A       100%        5
 Blade Hands              Tmut           0%         N/A       100%        5
 Bolt of Magma            Conj/Fire/Erth 0%         4d4       100%        5
 Borgnjor's Vile Clutch   Necr/Erth      0%         N/A       100%        5
 Freezing Cloud           Conj/Ice/Air   0%         6-21      100%        5
 Irradiate                Conj/Tmut      0%         3d13      100%        5
 Lee's Rapid Deconstruct  Erth           0%         3d5*      100%        5
 Lightning Bolt           Conj/Air       0%         1d11      100%        5
 Metabolic Englaciation   Hex/Ice        0%         N/A       100%        5
 Silence                  Hex/Air        0%         N/A       100%        5
 Summon Mana Viper        Hex/Summ       0%         N/A       100%        5
 Yara's Violent Unravell  Hex/Tmut       0%         3d3       100%        5
 Death Channel            Necr           0%         N/A       100%        6
 Invisibility             Hex            0%         N/A       100%        6
 Iron Shot                Conj/Erth      0%         9d1       100%        6
 Simulacrum               Ice/Necr       0%         N/A       100%        6
 Starburst                Conj/Fire      0%         8x6d3     100%        6
 Statue Form              Tmut/Erth      0%         N/A       100%        6
 Dragon Form              Tmut           0%         N/A       100%        7
 Storm Form               Tmut/Air       0%         N/A       100%        7
 Discord                  Hex            0%         N/A       100%        8
 Ignition                 Fire           0%         3d3       100%        8
 Polar Vortex             Ice            0%         N/A       100%        9
 Shatter                  Erth           0%         3d5*      100%        9


Dungeon Overview and Level Annotations

Branches:
Dungeon (15/15)            Temple (0/1) D:5            Lair (6/6) D:8
 Shoals (4/4) Lair:4       Spider (4/4) Lair:3        Slime (0/5) Lair:6
    Orc (2/2) D:12            Elf (0/3) Orc:2        Vaults (0/5) D:13
 Depths (0/5) D:15        Volcano (visited)         Gauntlet (visited)

Altars:
Cheibriados
Elyvilon
Hepliaklqana
Okawaru
Ru
Sif Muna
Trog
Vehumet
Wu Jian
Xom
Yredelemnul
Zin
The Shining One
Beogh

Shops:
D:5 !   D:15 *   Orc:2 [?=[

Annotations:
D:7 2 transporters, anet's ghost, novice HuNe
D:10 Josephine
Lair:4 exclusion: 2 oklob plants
Shoals:2 2 transporters, confidenceinterval's ghost, adept DsIE
Spider:3 Vive's ghost, adept GrEE


Innate Abilities, Weirdness & Mutations

You have razor-sharp teeth.
Your natural rate of healing is unusually fast.
When hurt, damage is shared between your health and your magic reserves.
Your bite disrupts and absorbs the magic of your enemies.
Potions cannot restore your health.
Your system is resistant to poisons. (rPois)
You expend magic power (3 MP) to strengthen your wands.


Message History

You feel invigorated.
The alligator snapping turtle is heavily wounded.
You block the merfolk impaler's attack. The merfolk hits you with a +0 trident.
The merfolk javelineer throws a javelin.
The javelin pierces through you!
You thrash the alligator snapping turtle!!
You bite the alligator snapping turtle, but do no damage.
The alligator snapping turtle is severely wounded.
The merfolk impaler hits you from afar with a +3 trident of venom!
The water nymph gestures at you while chanting.
The water rises up and strikes you!
The merfolk impaler hits you but does no damage.
You are poisoned.
The merfolk javelineer hits you but does no damage.
The alligator snapping turtle bites you!
You are too injured to fight recklessly!
You are too injured to fight recklessly!
Unknown command.
You are too injured to fight recklessly!
You are too injured to fight recklessly!
You are too injured to fight recklessly!
You are too injured to fight recklessly!
You are too injured to fight recklessly!
You are too injured to fight recklessly!
You are too injured to fight recklessly!
You are too injured to fight recklessly!
As you read the scroll of teleportation, it crumbles to dust.
You feel strangely unstable.
You feel very sick.
The merfolk javelineer throws a javelin.
The javelin pierces through you.
* * * LOW HITPOINT WARNING * * *
You block the merfolk's attack. The merfolk impaler closely misses you.
You block the merfolk aquamancer's attack.
The merfolk impaler completely misses you.
The merfolk impaler hits you but does no damage.
The merfolk javelineer closely misses you.
The merfolk aquamancer casts a spell at you.
The shard of ice hits you!!!
You feel a painful chill!
You die...

≈..≈≈≈≈≈≈≈≈≈≈≈≈≈.≈≈..≈≈≈≈≈≈≈≈PP≈P
...)...≈≈≈≈≈≈≈≈≈≈≈≈≈≈≈≈≈≈≈≈≈≈≈≈≈≈
........≈≈≈≈≈≈≈≈≈#######≈P≈≈≈≈≈≈≈
....##...≈≈≈≈≈≈≈##≈≈≈ ≈##≈P≈≈PP≈P
.#####.....≈≈≈≈##≈.. .# ##P≈≈PPP≈
...###.......≈≈#≈.? ≈. #≈≈≈≈≈≈.
≈....#.........#k.#≈# #≈≈≈≈PP.
....##.........#mtmt##≈≈ #≈≈≈≈≈≈.
≈...##.........#@#m≈≈≈≈≈ ≈≈≈..
≈≈...#.........#mmmm≈# ≈≈..
≈≈...#..........#.m#≈≈≈≈
≈≈...............#≈≈≈≈≈# #
≈≈.≈<.......!.....##### .
≈≈.†...............≈ ..
≈≈≈≈≈..............≈≈≈ ..
≈≈≈≈≈≈≈...........≈≈≈≈≈ ≈≈
≈≈≈≈≈≈≈≈........≈≈≈≈≈≈≈ ≈≈


You could see an alligator snapping turtle, 2 merfolk impalers, 3 merfolk
javelineers, a merfolk aquamancer, a snapping turtle, a wind drake (repels
missiles) and a merfolk.

Vanquished Creatures
  Nikola (Spider:1)
  Arachne (Spider:4)
  Rupert (D:13)
  Jorgrun (Spider:1)
  Asterion (Spider:3)
  The ghost of Sajuapom the Severer, an adept MiFi of Gozag (Spider:3)
  2 krakens
  Donald (Shoals:2)
  Frances (Spider:1)
  Kirke (D:15)
  The ghost of Biamumiu the Basher, an adept DsGl of Okawaru (Spider:3)
  Ilsuiw (Shoals:2)
  6 ghost moths
  Louise (Spider:1)
  A cacodemon (Gauntlet)
  6 emperor scorpions
  4 entropy weavers
  A minotaur (Gauntlet)
  A red draconian (Volcano)
  An ettin (Orc:2)
  2 fire dragons
  5 merfolk javelineers
  7 merfolk impalers
  An ice dragon (D:15)
  9 hydras
  7 merfolk avatars
  A vault guard (D:13)
  2 ogre magi
  7 boulder beetles
  A catoblepas (D:14)
  4 merfolk aquamancers
  A ghost crab (Gauntlet)
  19 two-headed ogres
  13 centaur warriors
  5 death yaks
  2 death knights
  4 tengu warriors
  3 orc high priests (Orc:2)
  5 skeletal warriors (D:13)
  11 sea snakes
  An orange crystal statue (D:12)
  17 harpies
  24 wolf spiders
  18 orb spiders
  5 deep elf pyromancers
  5 orc knights (Orc:2)
  17 manticores
  3 orc sorcerers (Orc:2)
  A manticore (shapeshifter) (D:14)
  3 fauns (Shoals:3)
  9 ugly things
  A moth of wrath (Spider:3)
  8 cyclopes
  10 elephants
  A guardian serpent (shapeshifter) (D:14)
  2 centaur zombies
  7 water nymphs
  22 merfolk sirens
  3 black mambas
  5 gargoyles
  10 komodo dragons
  13 cane toads
  An unseen horror (D:13)
  A kobold demonologist (D:14)
  5 rime drakes
  A rime drake (shapeshifter) (D:14)
  3 freezing wraiths
  2 tengu conjurers
  An efreet (D:13)
  11 demonic crawlers
  27 jumping spiders
  5 polar bears
  4 trolls
  A queen bee (Lair:1)
  21 merfolk
  12 hornets
  6 wind drakes
  12 blink frogs
  10 snapping turtles
  10 slime creatures
  12 dream sheep
  33 tarantellas
  Sigmund (D:2)
  69 redbacks
  19 water elementals
  4 shadows
  6 wraiths
  2 vampires
  4 hogs (D:15)
  6 wyverns
  25 yaks
  6 basilisks
  A steam dragon (D:8)
  4 vampire mosquitoes (D:14)
  2 neqoxecs (Gauntlet)
  Menkaure (D:6)
  A warg (Orc:2)
  Edmund (D:5)
  3 acid dragons
  15 water moccasins
  3 ice beasts (D:6)
  30 orc warriors
  3 necrophages
  A sky beast (D:5)
  A black bear (Lair:2)
  8 ogres
  6 wolves
  14 centaurs
  2 kobold brigands
  15 bullfrogs
  6 scorpions
  A gnoll sergeant (D:9)
  A wyvern zombie (D:8)
  26 killer bees
  9 wights
  6 electric eels
  15 jellies
  5 howler monkeys
  A bullfrog zombie (D:5)
  A gnoll shaman (D:2)
  4 centaur skeletons
  A hound (D:5)
  An iron imp (D:9)
  24 orc priests
  21 orc wizards
  3 iguanas
  A scorpion zombie (D:5)
  2 killer bee zombies
  2 hound skeletons
  A howler monkey zombie (D:9)
  26 gnolls
  12 adders
  A shadow imp (D:5)
  A white imp (D:7)
  3 ufetubi
  An adder skeleton (D:4)
  6 worms
  3 dart slugs
  101 orcs
  8 bats
  8 endoplasms
  4 giant cockroaches
  5 hobgoblins
  16 jackals
  15 kobolds
  6 quokkas
  5 ball pythons
  3 frilled lizards
  5 goblins
  4 rats
  A plant (Shoals:1)
  7 tentacles
1131 creatures vanquished.

Vanquished Creatures (others)
  2 manticores
  An orc wizard (D:7)
  A quokka (D:9)
  12 demonic plants (Gauntlet)
  33 fungi
  81 plants
  9 tentacles
  2 withered plants (Spider:3)
141 creatures vanquished.

Grand Total: 1272 creatures vanquished

Notes
Turn   | Place    | Note
-------+----------+-------------------------------------------
     0 | D:1      | 27snakeeyes612 the Vine Stalker Fighter began the quest for
                  | the Orb.
     0 | D:1      | Reached XP level 1. HP: 11/11 MP: 2/2
    86 | D:1      | Reached XP level 2. HP: 16/16 MP: 3/3
   569 | D:1      | Found a faded altar of an unknown god.
   774 | D:2      | Reached XP level 3. HP: 20/20 MP: 4/4
  1077 | D:2      | Gained mutation: Your natural rate of healing is unusually
                  | fast. [Vine Stalker growth]
  1077 | D:2      | Reached XP level 4. HP: 24/24 MP: 5/5
  1086 | D:2      | Noticed Sigmund
  1096 | D:2      | Killed Sigmund
  1097 | D:2      | Reached XP level 5. HP: 20/29 MP: 3/6
  1151 | D:2      | Reached XP level 6. HP: 33/33 MP: 7/7
  1278 | D:2      | Found an ornate altar of the Wu Jian Council.
  2065 | D:2      | Reached XP level 7. HP: 37/37 MP: 8/8
  2536 | D:3      | Found Xugh's Antique Weapon Emporium.
  2586 | D:3      | Found a radiant altar of Vehumet.
  2647 | D:3      | Found a shimmering altar of Xom.
  2647 | D:3      | Found an iron altar of Okawaru.
  2656 | D:3      | Found a shimmering blue altar of Sif Muna.
  2658 | D:3      | Found a hazy altar of Hepliaklqana.
  2660 | D:3      | Found a glowing silver altar of Zin.
  2670 | D:3      | Became a worshipper of Warmaster Okawaru
  3063 | D:3      | Gained mutation: You have razor-sharp teeth. [Vine Stalker
                  | growth]
  3063 | D:3      | Reached XP level 8. HP: 32/42 MP: 7/9
  3238 | D:4      | Found a bloodstained altar of Trog.
  3276 | D:4      | Reached skill level 1 in Invocations
  3331 | D:4      | Reached skill level 5 in Fighting
  3331 | D:4      | Reached skill level 5 in Shields
  4208 | D:5      | Entered Level 5 of the Dungeon
  4418 | D:5      | Reached * piety under Okawaru
  4461 | D:5      | Found a staircase to the Ecumenical Temple.
  4481 | D:5      | Noticed Edmund
  4536 | D:5      | Killed Edmund
  4537 | D:5      | Reached skill level 5 in Armour
  4632 | D:5      | Reached skill level 5 in Maces & Flails
  4632 | D:5      | Reached XP level 9. HP: 41/47 MP: 10/12
  4689 | D:5      | Found Haev's Distillery.
  4709 | D:5      | Bought a potion of lignification for 39 gold pieces
  4840 | D:5      | Found a sacrificial altar of Ru.
  5064 | D:6      | Reached ** piety under Okawaru
  5180 | D:6      | Noticed Menkaure
  5186 | D:6      | Killed Menkaure
  5341 | D:6      | Reached *** piety under Okawaru
  5673 | D:7      | You fall into a shaft and drop 3 floors!
  5673 | D:10     | Entered Level 10 of the Dungeon
  5719 | D:10     | Noticed Josephine
  5725 | D:10     | Noticed a troll
  5802 | D:8      | Found a snail-covered altar of Cheibriados.
  5837 | D:9      | Reached XP level 10. HP: 53/53 MP: 14/14
  5863 | D:9      | Found a white marble altar of Elyvilon.
  5937 | D:8      | Found a basalt altar of Yredelemnul.
  5985 | D:8      | Noticed a two-headed ogre
  5990 | D:8      | Killed a two-headed ogre
  5990 | D:8      | Reached **** piety under Okawaru
  5991 | D:8      | Reached skill level 5 in Invocations
  6031 | D:8      | Found a staircase to the Lair.
  6192 | D:7      | Found a transporter.
  6199 | D:7      | Noticed a brown ugly thing
  6199 | D:7      | Noticed a five-headed hydra
  6201 | D:7      | Noticed anet's ghost (novice HuNe)
  6743 | D:7      | Found a transporter.
  7463 | D:8      | Noticed a two-headed ogre
  7472 | D:8      | Killed a two-headed ogre
  7499 | D:8      | Noticed a two-headed ogre
  7508 | D:8      | Killed a two-headed ogre
  7509 | D:8      | Reached XP level 11. HP: 40/58 MP: 9/16
  8610 | D:10     | Noticed a two-headed ogre
  8707 | D:10     | HP: 1/59 [something (4)]
  9123 | D:10     | Noticed a two-headed ogre
  9123 | D:10     | Noticed a deep elf pyromancer
  9133 | D:10     | Killed a two-headed ogre
  9137 | D:10     | Killed a deep elf pyromancer
  9137 | D:10     | Reached ***** piety under Okawaru
  9261 | D:10     | Identified the +5 ring mail of Defence {rF+ rC+ Regen+
                  | MP-9} (Okawaru gifted it to you on level 10 of the Dungeon)
  9261 | D:10     | Received a gift from Okawaru
  9365 | D:10     | Killed a two-headed ogre
  9482 | D:11     | Noticed a manticore
  9492 | D:11     | Killed a manticore
  9707 | D:11     | Noticed a cyclops
  9714 | D:11     | Killed a cyclops
  9774 | D:11     | Reached XP level 12. HP: 65/65 MP: 9/18
 10280 | D:12     | Found a staircase to the Orcish Mines.
 10338 | D:12     | Gained mutation: You are agile. (Dex +2) [potion of
                  | mutation]
 10338 | D:12     | Gained mutation: Your system is resistant to poisons.
                  | (rPois) [potion of mutation]
 10450 | D:12     | Noticed a two-headed ogre
 10457 | D:12     | Killed a two-headed ogre
 11212 | Lair:1   | Entered Level 1 of the Lair of Beasts
 11392 | Lair:1   | Found a shimmering blue altar of Sif Muna.
 12136 | Lair:1   | Received a gift from Okawaru
 12560 | Lair:2   | Identified the +3 ring mail of the Forest {+Blink Str+4
                  | Int-2} (Okawaru gifted it to you on level 2 of the Lair of
                  | Beasts)
 12560 | Lair:2   | Received a gift from Okawaru
 13436 | Lair:3   | Found a hole to the Spider Nest.
 13454 | Lair:3   | Noticed a boulder beetle
 13474 | Lair:3   | Killed a boulder beetle
 13475 | Lair:3   | Reached XP level 13. HP: 62/70 MP: 16/20
 13837 | Lair:3   | Reached skill level 10 in Fighting
 13837 | Lair:3   | Reached skill level 10 in Shields
 14611 | Lair:4   | Reached skill level 10 in Maces & Flails
 14855 | Lair:4   | Identified the +1 ring mail of a wizard's laboratory {rElec
                  | rN++ Int-4 Stlth-} (Okawaru gifted it to you on level 4 of
                  | the Lair of Beasts)
 14855 | Lair:4   | Received a gift from Okawaru
 14931 | Lair:4   | Found a staircase to the Shoals.
 15483 | Lair:5   | Reached skill level 10 in Armour
 15483 | Lair:5   | Reached XP level 14. HP: 43/77 MP: 21/21
 16369 | Lair:6   | Entered Level 6 of the Lair of Beasts
 16659 | Lair:6   | Received a gift from Okawaru
 16726 | Lair:6   | Received a gift from Okawaru
 16742 | Lair:6   | Found a staircase to the Slime Pits.
 16761 | Lair:6   | Identified a scroll of acquirement
 16761 | Lair:6   | Acquired a +2 eveningstar of draining
 16973 | Lair:6   | Identified the Reference Book on the Volcanoes and
                  | Lightness
 17119 | Lair:6   | Reached ****** piety under Okawaru
 17858 | D:12     | Identified the ring of the Prince {Will+ Int-5 Slay+3 SInv
                  | Stlth+}
 17880 | D:13     | Noticed Rupert
 17895 | D:13     | Killed Rupert
 18004 | D:13     | Reached XP level 15. HP: 84/84 MP: 22/22
 18200 | D:13     | Found a gate to the Vaults.
 18214 | D:13     | Identified the +9 demon whip of Sunlight {vamp, rN+ Will+
                  | Int+4} (Okawaru gifted it to you on level 13 of the
                  | Dungeon)
 18214 | D:13     | Received a gift from Okawaru
 19166 | D:14     | Identified Wiax's Guide on the Shifting Escort
 19198 | D:14     | Received a gift from Okawaru
 19697 | D:15     | Entered Level 15 of the Dungeon
 19711 | D:15     | Reached XP level 16. HP: 90/90 MP: 23/23
 19800 | D:15     | Found a gate leading to a gauntlet.
 19809 | Gauntlet | Entered a Gauntlet
 19809 | Gauntlet | Found a transporter.
 19809 | Gauntlet | Found a transporter.
 19813 | Gauntlet | Found a transporter.
 19813 | Gauntlet | Found a transporter.
 19825 | Gauntlet | Found a transporter.
 19888 | Gauntlet | Found a transporter.
 19898 | Gauntlet | Found a transporter.
 19913 | Gauntlet | Found a transporter.
 19929 | Gauntlet | Found a transporter.
 19938 | Gauntlet | Found a transporter.
 19944 | Gauntlet | Found a transporter.
 20067 | Gauntlet | Gained mutation: You expend magic power (3 MP) to
                  | strengthen your wands. [a neqoxec]
 20072 | Gauntlet | Lost mutation: You are agile. (Dex +2) [a cacodemon]
 20120 | Gauntlet | Identified the +2 hat of the Candlemaker {rF+ Str+2}
 20182 | Gauntlet | Received a gift from Okawaru
 20278 | D:15     | Found a glowing golden altar of the Shining One.
 20629 | D:15     | Found Modghy's General Store.
 20652 | D:15     | Noticed Kirke
 20661 | D:15     | Killed Kirke
 20661 | D:15     | Received a gift from Okawaru
 20692 | D:15     | Found a staircase to the Depths.
 20891 | Orc:1    | Entered Level 1 of the Orcish Mines
 21263 | Orc:2    | Entered Level 2 of the Orcish Mines
 21352 | Orc:2    | Found a dark tunnel.
 21359 | Volcano  | Entered a volcano
 21378 | Volcano  | Found a burning altar of Makhleb.
 21791 | Orc:2    | Found a staircase to the Elven Halls.
 22029 | Orc:2    | Received a gift from Okawaru
 22047 | Orc:2    | Found Imio's Jewellery Shop.
 22047 | Orc:2    | Found Giocif's Antique Armour Shoppe.
 22063 | Orc:2    | Found Tide Foz's Antique Armour Shop.
 22063 | Orc:2    | Found Akkeadea's Magic Scroll Shoppe.
 22071 | Orc:2    | Bought a masterwork plate armour for 812 gold pieces
 22071 | Orc:2    | Identified the +1 plate armour of Senteby {rCorr Int-3
                  | Dex+7} (You bought it in a shop on level 2 of the Orcish
                  | Mines)
 22072 | Orc:2    | Bought a scroll of magic mapping for 45 gold pieces
 22072 | Orc:2    | Bought a scroll of teleportation for 39 gold pieces
 22072 | Orc:2    | Bought a scroll of teleportation for 39 gold pieces
 22072 | Orc:2    | Bought a scroll of holy word for 97 gold pieces
 22466 | Spider:1 | Entered Level 1 of the Spider Nest
 22483 | Spider:1 | Noticed Frances
 22501 | Spider:1 | Noticed Jorgrun
 22505 | Spider:1 | Killed Frances
 22579 | Spider:1 | Killed Jorgrun
 22580 | Spider:1 | Reached XP level 17. HP: 96/96 MP: 24/24
 22628 | Spider:1 | Received a gift from Okawaru
 22653 | Spider:1 | Noticed Nikola
 22671 | Spider:1 | Killed Nikola
 22721 | Spider:1 | Noticed Louise
 22740 | Spider:1 | Killed Louise
 23957 | Spider:2 | Acquired 1231 gold pieces
 24312 | Spider:3 | Noticed Asterion
 24328 | Spider:3 | Killed Asterion
 24328 | Spider:3 | Received a gift from Okawaru
 24621 | Spider:3 | Found a runed translucent gate.
 24621 | Spider:3 | Found a runed translucent gate.
 24621 | Spider:3 | Found a runed translucent gate.
 24621 | Spider:3 | Noticed Sajuapom's ghost (adept MiFi)
 24622 | Spider:3 | Noticed Vive's ghost (adept GrEE)
 24623 | Spider:3 | Noticed Biamumiu's ghost (adept DsGl)
 24827 | Spider:3 | Killed Sajuapom's ghost
 24897 | Spider:4 | Entered Level 4 of the Spider Nest
 25290 | Spider:4 | Reached XP level 18. HP: 103/103 MP: 25/25
 25329 | Spider:4 | Reached skill level 15 in Shields
 25342 | Spider:4 | Reached skill level 15 in Fighting
 25344 | Spider:4 | Noticed Arachne
 25378 | Spider:4 | Killed Arachne
 25416 | Spider:4 | Received a gift from Okawaru
 25603 | Spider:4 | Got a gossamer rune of Zot
 25808 | Spider:4 | Identified the +0 pair of boots "Emmutoq" {rC- Will- rCorr
                  | Str+8} (Okawaru gifted it to you on level 4 of the Spider
                  | Nest)
 25808 | Spider:4 | Received a gift from Okawaru
 26088 | Spider:3 | Killed Biamumiu's ghost
 26198 | Shoals:1 | Entered Level 1 of the Shoals
 27382 | Shoals:2 | Noticed Donald
 27399 | Shoals:2 | Killed Donald
 27495 | Shoals:2 | Noticed Ilsuiw
 27507 | Shoals:2 | Killed Ilsuiw
 27523 | Shoals:2 | Reached XP level 19. HP: 91/109 MP: 26/26
 27761 | Shoals:2 | Found a transporter.
 27762 | Shoals:2 | Found a transporter.
 27770 | Shoals:2 | Received a gift from Okawaru
 27775 | Shoals:2 | Noticed confidenceinterval's ghost (adept DsIE)
 28373 | Shoals:3 | Reached skill level 15 in Armour
 28874 | Shoals:3 | Found Atynnoa's Assorted Antiques.
 28948 | Shoals:4 | Entered Level 4 of the Shoals
 29544 | Shoals:4 | Killed from afar by a merfolk aquamancer

Illustrated notes

Levels and vault maps discovered:
D:1:      minmay_arrival_semitransparent, layout_basic,
          ebering_ecumenical_altar_webs, minmay_misc_feat_more_columns
D:2:      layout_basic, basic_altar, minmay_split_cup_large, uniq_sigmund
D:3:      lemuel_castle_with_subvaults [lemuel_castle_interior_carwin_1],
          layout_rooms, lemuel_round_altar, chequers_temple_overflow_minitemple,
          serial_shops, nicolae_diamond_shop, ebering_dispersal_statue_hall,
          kennysheep_potato
D:4:      layout_basic, nicolae_overflow_hidden_temple,
          cheibrodos_sewer_entry_bend, hangedman_decor_riveting
D:5:      layout_gridville, nicolae_ru_path_of_blood,
          minmay_temple_entry_statues_pillars, serial_shops,
          nicolae_square_shop, st_stairs_13, uniq_edmund
D:6:      layout_basic, uniq_menkaure
D:7:      layout_loops_corners, nzn_ghost_randoct, kennysheep_pointless_box,
          minivault_14
D:8:      layout_loops_ring, general_overflow_altar, slow_altar_1,
          lair_entry_dummy
D:9:      layout_basic, elyvilon_altar_4
D:10:     cheibrodos_barr_body, layout_irregular_city, uniq_josephine
D:11:     layout_cave_pools, serial_glass, glass_columns_a, glass_columns_a,
          glass_columns_a, glass_columns_b, grunt_ministairs_8
D:12:     layout_roguey, orc_0_dummy, minivault_16
D:13:     layout_basic, david_vaults_5, minmay_misc_feat_ornament, uniq_rupert
D:14:     minmay_the_grid_octo_tiled_octocenter
          [minmay_the_grid_octo_concentric, minmay_the_grid_octo_toaster,
          minmay_the_grid_octo_checkerflower, minmay_the_grid_octo_horde,
          minmay_the_grid_octo_prize_ultimate_mussel_roller,
          minmay_the_grid_square_5x5_intrusive_squares,
          minmay_the_grid_square_5x5_spiral_small,
          minmay_the_grid_square_5x5_meh, minmay_the_grid_square_5x5_minibox],
          layout_irregular_city, minmay_staircase_statues_hall_small
D:15:     grunt_enter_depths_hoard, layout_long_grid, gauntlet_entry_generic,
          serial_shops, nicolae_shop_crystal, serial_park_tiny_pond,
          tso_oasis_becter, uniq_kirke
Lair:1:   layout_hall_layers, basic_altar, special_room [special_room_bee],
          cheibrodos_lair_reptile_den
Lair:2:   layout_small_grid
Lair:3:   layout_long_grid, nicolae_spider_entry_non_spiders
Lair:4:   layout_regular_city, elwin_shoals_entry_stream,
          minmay_lair_oklob_chamber
Lair:5:   layout_misc_corridors, lemuel_fruit_tree
Lair:6:   gammafunk_lair_ancient_temple, layout_regular_city,
          minmay_slime_entry_jelly_boxes
Shoals:1: layout_shoals
Shoals:2: layout_shoals, ebering_ghost_davey_jones, uniq_ilsuiw, uniq_donald
Shoals:3: layout_shoals, serial_shops, shop, nicolae_shoals_lost_giant_temple
Shoals:4: shoals_end_hangedman, layout_shoals
Spider:1: layout_spider_delve, nicolae_spider_bug_shape, uniq_nikola,
          uniq_jorgrun, uniq_frances, uniq_louise
Spider:2: layout_spider_delve, nicolae_spider_wall_of_niches
Spider:3: layout_spider_delve, gammafunk_ghost_cemetery, uniq_asterion
Spider:4: johnstein_spider_rune_arachne_lair
Orc:1:    layout_diamond_mine, rock_pile, uniq_snorg
Orc:2:    grunt_orc_tribal_feast, layout_caves, nicolae_volcano_entry_hallway,
          mines2_david

Skill      XL: |  1  2  3  4  5  6  7  8  9 10 11 12 13 14 15 16 17 18 19 |
---------------+----------------------------------------------------------+-----
Fighting       | 3 4 5 6 7 8 9 10 11 12 13 14 15 16 | 16.4
Shields        | 3 4 5 6 7 8 9 10 11 12 13 14 15 16 | 16.4
Maces & Flails | 2 3 4 5 6 7 8 9 10 11 12 | 12.1
Armour         | 3 4 5 6 7 8 10 11 12 13 14 15 | 15.2
Invocations    | 2 4 6 7 8 |  8.2

Action                   |  1- 3 |  4- 6 |  7- 9 | 10-12 | 13-15 | 16-18 | 19-21 || total
-------------------------+-------+-------+-------+-------+-------+-------+-------++-------
Melee: Flail             |    75 |   167 |   377 |       |       |       |       ||   619
       Bite              |    18 |    42 |   138 |   245 |   473 |   704 |   159 ||  1779
       Morningstar       |       |       |    33 |   673 |   517 |       |       ||  1223
       Eveningstar       |       |       |       |       |   171 |       |       ||   171
       Demon whip        |       |       |       |       |   241 |  1339 |   288 ||  1868
Throw: Dart              |       |       |     4 |     8 |       |       |       ||    12
Invok: Finesse           |       |       |       |     2 |     5 |     3 |       ||    10
       Heroism           |       |       |       |     1 |     4 |       |       ||     5
Evoke: Wand              |       |       |     8 |     2 |       |     5 |       ||    15
  Use: Scroll            |       |       |    13 |    11 |     5 |     8 |     1 ||    38
       Potion            |       |       |       |     6 |       |       |       ||     6
 Stab: Petrified         |       |       |       |       |     6 |       |       ||     6
       Held in net/web   |       |       |       |       |       |     1 |       ||     1
Armor: Scale mail        |    35 |   105 |   182 |       |       |       |       ||   322
       Chain mail        |       |       |    27 |   160 |   437 |    89 |       ||   713
       Ring mail         |       |       |       |    91 |       |       |       ||    91
       Plate armour      |       |       |       |       |       |   376 |    78 ||   454
Dodge: Dodged            |    18 |    88 |   116 |   150 |   226 |   200 |    46 ||   844
Block: Kite shield       |    44 |   128 |   347 |   687 |   983 |  1135 |   244 ||  3568
       Reflection        |       |       |     1 |    26 |    38 |    25 |    15 ||   105

Table legend: (Time is in decaauts)
 A = Elapsed time spent in this place.
 B = Non-inter-level travel time spent in this place.
 C = Inter-level travel time spent in this place.
 D = Time resting spent in this place.
 E = Time spent auto-exploring this place.
 F = Levels seen in this place.
 G = Mean time per level.
                   A        B        C        D        E       F      G
               +--------+--------+--------+--------+--------+-----+--------+
         Total |  29191 |  27171 |   2020 |    714 |  19036 |  33 |  884.6 |
       Dungeon |  14502 |  13566 |    936 |    543 |   9239 |  15 |  966.8 |
          Lair |   6658 |   5885 |    773 |     91 |   4447 |   6 | 1109.7 |
        Shoals |   3094 |   3017 |     77 |      0 |   2179 |   4 |  773.5 |
   Spider Nest |   3282 |   3112 |    170 |     52 |   2311 |   4 |  820.5 |
  Orcish Mines |   1120 |   1057 |     63 |      0 |    703 |   2 |  560.0 |
       Volcano |    138 |    138 |      0 |      0 |     45 |   1 |  138.0 |
      Gauntlet |    393 |    393 |      0 |     28 |    112 |   1 |  393.0 |
               +--------+--------+--------+--------+--------+-----+--------+

Top non-repeatable levels by time:
  Lair:2: 1392 daAuts
     D:3: 1294 daAuts
     D:4: 1266 daAuts
     D:7: 1240 daAuts
  Lair:6: 1216 daAuts
  Lair:1: 1208 daAuts
    D:12: 1180 daAuts
     D:2: 1157 daAuts
  Lair:4: 1121 daAuts
    D:10: 1075 daAuts
     D:8: 1075 daAuts
  Lair:3: 996 daAuts
Shoals:1: 976 daAuts
Spider:4: 965 daAuts
Spider:1: 926 daAuts
